 Dungeon Crawl Stone Soup version 0.17-a0-2231-gd80ca38 (webtiles) character file.

389 Ordine the Slasher (level 6, -1/44 HPs)
             Began as an Octopode Fighter on Oct 29, 2015.
             Killed from afar by an orc wizard (8 damage)
             ... with a magic dart
             ... on level 3 of the Dungeon.
             The game lasted 00:12:15 (3838 turns).

Ordine the Slasher (Octopode Fighter)               Turns: 3838, Time: 00:12:15

Health: -1/44      AC:  1    Str: 16    XL:     6   Next: 79%
Magic:  6/6        EV: 11    Int: 10    God:
Gold:   169        SH: 10    Dex: 17    Spells: 0 memorised, 5 levels left

rFire  . . .     SeeInvis .     a - +0 long sword
rCold  . . .     Clarity  .     b - +1 shield
rNeg   . . .     SustAt   .     (helmet restricted)
rPois  .         Gourm    .     (no amulet)
rElec  .         Spirit   .     m - ring of protection from magic
rCorr  .         Warding  .     n - +4 ring of dexterity
rMut   .         Stasis   .     v - ring of loudness (curse)
MR     +....                    (no ring)
Stlth  ++........               (no ring)
                                (no ring)
                                (no ring)
                                (no ring)

@: somewhat resistant to hostile enchantments, unstealthy
A: almost no armour, amphibious, 8 rings, constrict 8, camouflage 1, gelatinous
body 1
a: no special abilities


You were on level 3 of the Dungeon.
You were not hungry.

You visited 1 branch of the dungeon, and saw 4 of its levels.

You collected 169 gold pieces.

Inventory:

Hand Weapons
 a - a +0 long sword (weapon)
 g - a +1 dagger of speed
 j - a +0 antimagic dagger
 t - a +0 blowgun
Missiles
 o - 30 poisoned needles
 p - 4 curare-tipped needles
Armour
 b - a +1 shield (worn)
Jewellery
 m - a ring of protection from magic (left tentacle)
 n - a +4 ring of dexterity (right tentacle)
 v - a cursed ring of loudness (on tentacle)
Scrolls
 e - 4 scrolls of enchant armour
 l - 3 scrolls of teleportation
Potions
 c - a potion of might
 h - 2 potions of flight
 k - a potion of heal wounds {unknown}
 u - a potion of cure mutation {unknown}
Comestibles
 d - 5 bread rations
 f - a beef jerky
 i - a meat ration
 q - a slice of pizza
 r - 3 chunks of flesh
 s - a fruit


   Skills:
 + Level 4.6 Fighting
 * Level 5.1 Long Blades
 - Level 3.0 Dodging
 + Level 4.3 Shields


You had 5 spell levels left.
You didn't know any spells.

Dungeon Overview and Level Annotations

Branches:
Dungeon (4/15)
 Temple: D:4-7

Altars:
Cheibriados
Elyvilon
Ru
Trog


Innate Abilities, Weirdness & Mutations

You cannot wear most types of armour.
You are amphibious.
You can wear up to eight rings at the same time.
You can use your tentacles to constrict eight enemies at once.
Your skin changes colour to match your surroundings (Stealth).
Your rubbery body absorbs attacks (AC +1).


Message History

The orc priest miscasts a cantrip.
The orc wizard hits you with a dagger.
* * * LOW HITPOINT WARNING * * *
Unknown command.
Wield which item (- for none, * to show all)? (? for menu, Esc to quit)
a - a +0 long sword (weapon)
You hit the orc wizard. You grab the orc wizard.
The orc wizard is moderately wounded.
You constrict the orc wizard. The orc wizard barely misses you.
You hit the orc wizard but do no damage.
Your squeeze misses the orc wizard.
The orc wizard is heavily wounded.
You constrict the orc wizard.
The orc wizard gestures at you while chanting.
You resist with almost no effort.
The orc priest hits you from afar with a trident.
* * * LOW HITPOINT WARNING * * *
The orc wizard points at you and mumbles some strange words.
The magic dart hits you!
You die...

...........................#
...#...###.##.#.############
...#...# #.##.#.# ...#...#
#.##.#.###### ...#...#
#.#.........#
.......###.#.###'###.#
##.#.........# #.# #.#
##.#.........###.###.#
##.#...###...(oo@..'.#
##.#...# #.#.#######.#
##.#...###...# ### #.#######
.............#######.......#
......................######
##.##..####...####....#
##.##..# ##### ######
##.##..# ##.##..#


You could see an orc priest and an orc wizard.

Vanquished Creatures
  A deep elf mage (D:4)
  An orc priest (D:4)
  A hound (D:4)
  An iguana (D:3)
  Terence (D:3)
  6 adders
  2 oozes
  7 orcs
  A giant cockroach (D:4)
  7 hobgoblins
  9 kobolds
  2 quokkas (D:2)
  10 bats
  2 giant newts (D:4)
  12 goblins
  A jackal skeleton (D:4)
  9 rats
73 creatures vanquished.

Notes
Turn   | Place    | Note
--------------------------------------------------------------
     0 | D:1      | Ordine the Octopode Fighter began the quest for the Orb.
     0 | D:1      | Reached XP level 1. HP: 16/16 MP: 1/1
   270 | D:1      | Reached XP level 2. HP: 13/21 MP: 2/2
   576 | D:1      | Found a snail-covered altar of Cheibriados.
   937 | D:1      | Reached XP level 3. HP: 24/26 MP: 3/3
   991 | D:2      | Found a bloodstained altar of Trog.
  1805 | D:3      | Found a white marble altar of Elyvilon.
  1831 | D:3      | Found a sacrificial altar of Ru.
  1971 | D:3      | Reached XP level 4. HP: 27/31 MP: 4/4
  2796 | D:3      | Noticed Terence
  2820 | D:3      | Killed Terence
  2820 | D:3      | Reached XP level 5. HP: 37/37 MP: 5/5
  3020 | D:4      | Reached skill level 4 in Long Blades
  3309 | D:4      | Noticed a deep elf mage
  3319 | D:4      | Killed a deep elf mage
  3319 | D:4      | Reached skill level 5 in Long Blades
  3319 | D:4      | Reached XP level 6. HP: 13/44 MP: 6/6
  3838 | D:3      | Killed from afar by an orc wizard

Vault maps used:
D:1:      dpeg_arrival_water_altar
D:2:      bloody_trog, first_bread
D:3:      corexii_shack_village, lemuel_crystal_altar, lemuel_doored_altar,
          kennysheep_another_room, uniq_terence
D:4:      kennysheep_six_static_rooms, grunt_gozag_statues

Action                   |  1- 3 |  4- 6 || total
-------------------------+-------+-------++-------
Melee: Long sword        |    79 |    64 ||   143
 Fire: Blowgun           |       |     6 ||     6
  Use: Scroll            |     8 |       ||     8
 Stab: Sleeping          |     4 |     6 ||    10
  Eat: Chunk             |     3 |     6 ||     9
